PCL
SPOKANE TRAPPERS @ LAS VEGAS STARS
07/30/2026
 
TOP OF THE 1ST
Spokane Trappers batting - Pitching for Las Vegas Stars : RHP Dema Mitenkov
Pitching: RHP Dema Mitenkov
Batting: RHB Jeremy Carr 0-0: Called Strike
0-1: Ground out 6-3 (Groundball, 6M)
Batting: RHB Keith Kirkpatrick 0-0: Ball
1-0: Foul Ball, location: 2F
1-1: Ball
2-1: Ball
3-1: Foul Ball, location: 2F
3-2: Base on Balls
Batting: RHB Ramiro Ross 0-0: Called Strike
0-1: Ground out 6-3 (Groundball, 6MS)
Keith Kirkpatrick to second
Batting: RHB José Gómez 0-0: Ball
1-0: Ball
2-0: Ball
3-0: Called Strike
3-1: Foul Ball, location: 2F
3-2: Foul Ball, location: 2F
3-2: Strikes out swinging
Top of the 1st over - 0 run(s), 0 hit(s), 0 error(s), 1 left on base; Spokane 0 - Las Vegas 0
BOTTOM OF THE 1ST
Las Vegas Stars batting - Pitching for Spokane Trappers : RHP José Ortíz
Pitching: RHP José Ortíz
Batting: RHB Douglas Davis 0-0: Ball
1-0: Called Strike
1-1: SINGLE (Groundball, 5D)
Batting: LHB Bryan Foster 0-0: Called Strike
0-1: Foul Ball, location: 2F
0-2: Ball
1-2: Ball
2-2: Foul Ball, location: 2F
2-2: Ball
3-2: Foul Ball, location: 2F
3-2: Base on Balls
Douglas Davis to second
Batting: RHB Kyle Bacon 0-0: Called Strike
0-1: Swinging Strike
0-2: Ball
1-2: Ball
2-2: Ball
3-2: Foul Ball, location: 2F
3-2: Fly out, F4 (Popup, 4M)
Batting: LHB Diego Torres 0-0: Ball
1-0: Ball
2-0: Grounds into double play, U4-3 (Groundball, 4)
Bottom of the 1st over - 0 run(s), 1 hit(s), 0 error(s), 1 left on base; Spokane 0 - Las Vegas 0
TOP OF THE 2ND
Spokane Trappers batting - Pitching for Las Vegas Stars : RHP Dema Mitenkov
Batting: RHB Clyde Kelley 0-0: Called Strike
0-1: Foul Ball, location: 2F
0-2: Ball
1-2: Ground out 6-3 (Groundball, 6)
Batting: LHB Melvin White 0-0: Called Strike
0-1: Ball
1-1: Ball
2-1: Ball
3-1: Foul Ball, location: 2F
3-2: Foul Ball, location: 2F
3-2: Ground out 3-1 (Groundball, 3)
Batting: LHB Júlio Colón 0-0: Ball
1-0: Foul Ball, location: 2F
1-1: Ball
2-1: Foul Ball, location: 2F
2-2: Strikes out swinging
Top of the 2nd over - 0 run(s), 0 hit(s), 0 error(s), 0 left on base; Spokane 0 - Las Vegas 0
BOTTOM OF THE 2ND
Las Vegas Stars batting - Pitching for Spokane Trappers : RHP José Ortíz
Batting: RHB Reginaldo Jaconelli 0-0: Foul Ball, location: 2F
0-1: SOLO HOME RUN (Flyball, 78XD), Distance : 410 ft
Batting: LHB Fernando De La Cruz 0-0: Swinging Strike
0-1: Called Strike
0-2: Ground out 4-3 (Groundball, 4)
Batting: RHB Matthieu Vancini 0-0: Ball
1-0: Ball
2-0: SINGLE (Groundball, 56D)
Batting: SHB Esteban Silva 0-0: SINGLE (Groundball, 34D)
Matthieu Vancini to second
Runner from 2nd tries for 3rd, SAFE, no throw or cutoff
Batting: RHB Ryan Campbell 0-0: Ball
1-0: Ball
2-0: Swinging Strike
2-1: Ball
3-1: Foul Ball, location: 2F
3-2: Base on Balls
Esteban Silva to second
Batting: RHB Douglas Davis 0-0: Ball
1-0: Ball
2-0: Called Strike
2-1: Called Strike
2-2: Ball
3-2: Foul Ball, location: 2F
3-2: SINGLE (Groundball, 4MD)
Matthieu Vancini scores
Esteban Silva to third
Ryan Campbell to second
Batting: LHB Bryan Foster 0-0: Ball
1-0: Ball
2-0: GRAND SLAM HOME RUN (Flyball, 9D), Distance : 404 ft
Batting: RHB Kyle Bacon 0-0: Ball
1-0: Ball
2-0: Swinging Strike
2-1: SINGLE (Line Drive, 56D)
Batting: LHB Diego Torres 0-0: Swinging Strike
0-1: Called Strike
0-2: Ball
1-2: Foul Ball, location: 2F
1-2: Foul Ball, location: 2F
1-2: Strikes out swinging
Batting: RHB Reginaldo Jaconelli 0-0: Swinging Strike
0-1: SINGLE (Groundball, 4M)
Kyle Bacon to second
Runner from 2nd tries for 3rd, SAFE, no throw or cutoff
Batting: LHB Fernando De La Cruz 0-0: Ball
1-0: Swinging Strike
1-1: Ball
2-1: Foul Ball, location: 2F
2-2: Fly out, F9 (Flyball, 89D)
Bottom of the 2nd over - 6 run(s), 7 hit(s), 0 error(s), 2 left on base; Spokane 0 - Las Vegas 6
TOP OF THE 3RD
Spokane Trappers batting - Pitching for Las Vegas Stars : RHP Dema Mitenkov
Batting: LHB Jesús Ramírez 0-0: Called Strike
0-1: Foul Ball, location: 2F
0-2: Ball
1-2: Ball
2-2: Ball
3-2: Foul Ball, location: 2F
3-2: Base on Balls
Batting: RHB Pedro Rodríguez 0-0: Foul Ball, location: 2F
0-1: Ball
1-1: SINGLE (Line Drive, 4D)
Jesús Ramírez to second
Batting: RHB Jeremy Carr 0-0: Foul Ball, location: 2F
0-1: Ball
1-1: Fielders Choice at 2nd, 5-4 (Groundball, 56)
Jesús Ramírez to third
Batting: RHB Keith Kirkpatrick 0-0: Ball
1-0: Called Strike
1-1: Foul Ball, location: 2F
1-2: Ball
2-2: Ball
Jeremy Carr steals 2nd base
3-2: Base on Balls
Batting: RHB Ramiro Ross 0-0: Ball
1-0: Called Strike
1-1: Ball
2-1: Foul Ball, location: 2F
2-2: Strikes out swinging
Batting: RHB José Gómez 0-0: Ball
1-0: Ball
2-0: Called Strike
2-1: Fly out, F9 (Line Drive, 89M)
Top of the 3rd over - 0 run(s), 1 hit(s), 0 error(s), 3 left on base; Spokane 0 - Las Vegas 6
BOTTOM OF THE 3RD
Las Vegas Stars batting - Pitching for Spokane Trappers : RHP José Ortíz
Batting: RHB Matthieu Vancini 0-0: Ball
1-0: Foul Ball, location: 2F
1-1: Ball
2-1: Ball
3-1: Base on Balls
Batting: SHB Esteban Silva 0-0: Ball
1-0: Grounds into double play, 4-6-3 (Groundball, 4M)
Batting: RHB Ryan Campbell 0-0: Called Strike
0-1: Ground out U3 (Groundball, 3)
Bottom of the 3rd over - 0 run(s), 0 hit(s), 0 error(s), 0 left on base; Spokane 0 - Las Vegas 6
TOP OF THE 4TH
Spokane Trappers batting - Pitching for Las Vegas Stars : RHP Dema Mitenkov
Batting: RHB Clyde Kelley 0-0: Ball
1-0: Called Strike
1-1: Ground out 6-3 (Groundball, 6)
Batting: LHB Melvin White 0-0: Ball
1-0: Called Strike
1-1: Ball
2-1: DOUBLE (Line Drive, 8RXD)
Batting: LHB Júlio Colón 0-0: Foul Ball, location: 2F
0-1: Ball
1-1: Ball
2-1: Ground out U3 (Groundball, 3)
Melvin White to third
Batting: LHB Jesús Ramírez 0-0: Called Strike
0-1: Called Strike
0-2: Ball
1-2: Foul Ball, location: 2F
1-2: Strikes out swinging
Top of the 4th over - 0 run(s), 1 hit(s), 0 error(s), 1 left on base; Spokane 0 - Las Vegas 6
BOTTOM OF THE 4TH
Las Vegas Stars batting - Pitching for Spokane Trappers : RHP José Ortíz
Batting: RHB Douglas Davis 0-0: Ground out 1-3 (Groundball, 15S)
Batting: LHB Bryan Foster 0-0: Foul Ball, location: 2F
0-1: Foul Ball, location: 2F
0-2: Ball
1-2: Foul Ball, location: 2F
1-2: DOUBLE (Flyball, 89XD)
Batting: RHB Kyle Bacon 0-0: Hit by Pitch
Batting: LHB Diego Torres 0-0: Ground out 3-1 (Groundball, 34)
Bryan Foster to third
Kyle Bacon to second
Batting: RHB Reginaldo Jaconelli 0-0: Foul Ball, location: 2F
0-1: Ground out 6-3 (Groundball, 6)
Bottom of the 4th over - 0 run(s), 1 hit(s), 0 error(s), 2 left on base; Spokane 0 - Las Vegas 6
TOP OF THE 5TH
Spokane Trappers batting - Pitching for Las Vegas Stars : RHP Dema Mitenkov
Batting: RHB Pedro Rodríguez 0-0: Ball
1-0: Ball
2-0: DOUBLE (Line Drive, 5L)
Batting: RHB Jeremy Carr 0-0: Called Strike
0-1: Ball
1-1: Foul Ball, location: 2F
1-2: Fly out, F8 (Flyball, 8RD)
Runner from 2nd tags up, SAFE at 3rd, no throw
Batting: RHB Keith Kirkpatrick 0-0: Ball
1-0: Ball
2-0: Ground out 5-3 (Groundball, 5)
Batting: RHB Ramiro Ross 0-0: Ball
1-0: Foul Ball, location: 2F
1-1: Foul Ball, location: 2F
1-2: Ground out 1-3 (Groundball, 23)
Top of the 5th over - 0 run(s), 1 hit(s), 0 error(s), 1 left on base; Spokane 0 - Las Vegas 6
BOTTOM OF THE 5TH
Las Vegas Stars batting - Pitching for Spokane Trappers : RHP José Ortíz
Pitching: RHP Ching-wei Zi
Batting: LHB Fernando De La Cruz 0-0: Foul Ball, location: 2F
0-1: Fly out, F7 (Flyball, 78S)
Batting: RHB Matthieu Vancini 0-0: Ball
1-0: Ball
2-0: Called Strike
2-1: Ground out 6-3 (Groundball, 6)
Batting: SHB Esteban Silva 0-0: Ball
1-0: Ball
2-0: Called Strike
2-1: Called Strike
2-2: Ball
3-2: Foul Ball, location: 2F
3-2: Ground out 1-3 (Groundball, 13)
Bottom of the 5th over - 0 run(s), 0 hit(s), 0 error(s), 0 left on base; Spokane 0 - Las Vegas 6
TOP OF THE 6TH
Spokane Trappers batting - Pitching for Las Vegas Stars : RHP Dema Mitenkov
Batting: RHB José Gómez 0-0: Ball
1-0: DOUBLE (Line Drive, 9LS)
Pitching: RHP Luis Antonio Martínez
Batting: RHB Clyde Kelley 0-0: Called Strike
0-1: Called Strike
0-2: Fly out, F4 (Popup, 4M)
Batting: LHB Melvin White 0-0: Ball
1-0: Called Strike
1-1: Ball
2-1: Swinging Strike
2-2: Strikes out swinging
Batting: LHB Júlio Colón 0-0: Foul Ball, location: 2F
0-1: Swinging Strike
0-2: Strikes out swinging
Top of the 6th over - 0 run(s), 1 hit(s), 0 error(s), 1 left on base; Spokane 0 - Las Vegas 6
BOTTOM OF THE 6TH
Las Vegas Stars batting - Pitching for Spokane Trappers : RHP Ching-wei Zi
Batting: RHB Ryan Campbell 0-0: Called Strike
0-1: Ground out 5-3 (Groundball, 56)
Batting: RHB Douglas Davis 0-0: Foul Ball, location: 2F
0-1: Swinging Strike
0-2: Ball
1-2: Strikes out swinging
Batting: LHB Bryan Foster 0-0: Fly out, F4 (Line Drive, 4)
Bottom of the 6th over - 0 run(s), 0 hit(s), 0 error(s), 0 left on base; Spokane 0 - Las Vegas 6
TOP OF THE 7TH
Spokane Trappers batting - Pitching for Las Vegas Stars : RHP Luis Antonio Martínez
Batting: LHB Jesús Ramírez 0-0: Ball
1-0: Called Strike
1-1: Ball
2-1: Ground out 4-3 (Groundball, 34D)
Batting: RHB Pedro Rodríguez 0-0: Ball
1-0: Ball
2-0: Called Strike
2-1: Called Strike
2-2: Strikes out swinging
Batting: RHB Jeremy Carr 0-0: Ball
1-0: Foul Ball, location: 2F
1-1: Swinging Strike
1-2: Ball
2-2: Strikes out swinging
Top of the 7th over - 0 run(s), 0 hit(s), 0 error(s), 0 left on base; Spokane 0 - Las Vegas 6
BOTTOM OF THE 7TH
Las Vegas Stars batting - Pitching for Spokane Trappers : RHP Ching-wei Zi
Pitching: RHP Marcos Rivera
Batting: RHB Kyle Bacon 0-0: Ball
1-0: Ball
2-0: Ball
3-0: Called Strike
3-1: Swinging Strike
3-2: Foul Ball, location: 2F
3-2: Base on Balls
Batting: LHB Diego Torres 0-0: Ball
1-0: Ball
2-0: Ball
3-0: Called Strike
3-1: SINGLE (Line Drive, 4M)
Kyle Bacon to second
Batting: RHB Reginaldo Jaconelli 0-0: Ball
1-0: Called Strike
1-1: Swinging Strike
1-2: Strikes out looking
Batting: LHB Fernando De La Cruz 0-0: Called Strike
0-1: Ball
1-1: Ball
2-1: Ball
3-1: Swinging Strike
3-2: Strikes out swinging
Batting: RHB Matthieu Vancini 0-0: Ball
1-0: DOUBLE (Flyball, 7M)
Kyle Bacon scores
Diego Torres to third
Batting: SHB Esteban Silva 0-0: Ground out 1-3 (Groundball, 15)
Bottom of the 7th over - 1 run(s), 2 hit(s), 0 error(s), 2 left on base; Spokane 0 - Las Vegas 7
TOP OF THE 8TH
Spokane Trappers batting - Pitching for Las Vegas Stars : RHP Luis Antonio Martínez
Pitching: RHP Mike Drader
Batting: RHB Keith Kirkpatrick 0-0: Ball
1-0: Swinging Strike
1-1: SINGLE (Groundball, 56)
Batting: RHB Ramiro Ross 0-0: Ball
1-0: Ball
2-0: Ball
3-0: Base on Balls
Keith Kirkpatrick to second
Batting: RHB José Gómez 0-0: Ball
1-0: Called Strike
1-1: Swinging Strike
1-2: Ball
2-2: Foul Ball, location: 2F
2-2: Strikes out swinging
Batting: RHB Clyde Kelley 0-0: Foul Ball, location: 2F
0-1: SINGLE (Groundball, 56D)
Keith Kirkpatrick to third
Ramiro Ross to second
Runner from 3rd tries for Home, SAFE, no throw or cutoff
Batting: LHB Melvin White 0-0: Ball
1-0: Called Strike
1-1: Ball
2-1: Ball
3-1: Grounds into double play, 3-6-3 (Groundball, 3)
Top of the 8th over - 1 run(s), 2 hit(s), 0 error(s), 1 left on base; Spokane 1 - Las Vegas 7
BOTTOM OF THE 8TH
Las Vegas Stars batting - Pitching for Spokane Trappers : RHP Marcos Rivera
Batting: RHB Ryan Campbell 0-0: Ball
1-0: Called Strike
1-1: Ball
2-1: Foul Ball, location: 2F
2-2: Strikes out swinging
Batting: RHB Douglas Davis 0-0: Foul Ball, location: 2F
0-1: Called Strike
0-2: Ball
1-2: Strikes out swinging
Batting: LHB Bryan Foster 0-0: Foul Ball, location: 2F
0-1: Ball
1-1: Ball
2-1: Called Strike
2-2: Ground out 4-3 (Groundball, 34)
Bottom of the 8th over - 0 run(s), 0 hit(s), 0 error(s), 0 left on base; Spokane 1 - Las Vegas 7
TOP OF THE 9TH
Spokane Trappers batting - Pitching for Las Vegas Stars : RHP Mike Drader
Batting: LHB Júlio Colón 0-0: Ball
1-0: Ball
2-0: Ground out 1-3 (Groundball, 13)
Batting: LHB Jesús Ramírez 0-0: Called Strike
0-1: Ball
1-1: Called Strike
1-2: Ball
2-2: Foul Ball, location: 2F
2-2: Foul Ball, location: 2F
2-2: Fly out, F3 (Line Drive, 34)
Batting: RHB Pedro Rodríguez 0-0: Foul Ball, location: 2F
0-1: Called Strike
0-2: Strikes out swinging
Top of the 9th over - 0 run(s), 0 hit(s), 0 error(s), 0 left on base; Spokane 1 - Las Vegas 7
Monday, December 5th, 2016 - OOTP Baseball 17.12 Build 75